BR
ONTARIO EMUS @ SAN FRANCISCO MACHO MEN
10/13/2026
 
TOP OF THE 1ST
Ontario Emus batting - Pitching for Fremont Cyclones : RHP John Robinson
Pitching: RHP John Robinson
Batting: RHB Álex Ochoa 0-0: Ball
1-0: Called Strike
1-1: Ball
2-1: Foul Ball, location: 2F
2-2: Foul Ball, location: 2F
2-2: Strikes out swinging
Batting: LHB Dave Raines 0-0: Ball
1-0: Called Strike
1-1: Foul Ball, location: 2F
1-2: Foul Ball, location: 2F
1-2: Ball
2-2: Ground out 5-3 (Groundball, 56S)
Batting: RHB Álex Martínez 0-0: Ball
1-0: Ball
2-0: Called Strike
2-1: Ball
3-1: Base on Balls
Batting: SHB Darrel Lang 0-0: Ball
1-0: Called Strike
Álex Martínez steals 2nd base
1-1: Ground out 4-3 (Groundball, 4)
Top of the 1st over - 0 run(s), 0 hit(s), 0 error(s), 1 left on base; Ontario 0 - Fremont 0
BOTTOM OF THE 1ST
Fremont Cyclones batting - Pitching for Ontario Emus : RHP Muneyaki Nakamura
Pitching: RHP Muneyaki Nakamura
Batting: RHB Jaime Delgado 0-0: Called Strike
0-1: Ball
1-1: Ball
2-1: SINGLE (Popup, 8RS)
Batting: RHB Brian Stewart 0-0: Foul Ball, location: 2F
0-1: Swinging Strike
0-2: Ball
1-2: Fly out, F7 (Flyball, 7LM)
Batting: LHB Ernesto Hernández 0-0: Ball
1-0: Swinging Strike
1-1: Ground out 3-1 (Groundball, 34)
Jaime Delgado to second
Batting: SHB Arnold Moore 0-0: Ball
1-0: Fly out, F7 (Popup, 6MD)
Bottom of the 1st over - 0 run(s), 1 hit(s), 0 error(s), 1 left on base; Ontario 0 - Fremont 0
TOP OF THE 2ND
Ontario Emus batting - Pitching for Fremont Cyclones : RHP John Robinson
Batting: LHB Elvin Summers 0-0: Fly out, F8 (Flyball, 8LM)
Batting: RHB John Robertson 0-0: Called Strike
0-1: Foul Ball, location: 2F
0-2: Foul Ball, location: 2F
0-2: Ball
1-2: Fly out, F9 (Flyball, 9LM)
Batting: RHB Albert Galindo 0-0: Ball
1-0: Ball
2-0: Foul Ball, location: 2F
2-1: Foul Ball, location: 2F
2-2: Strikes out swinging
Top of the 2nd over - 0 run(s), 0 hit(s), 0 error(s), 0 left on base; Ontario 0 - Fremont 0
BOTTOM OF THE 2ND
Fremont Cyclones batting - Pitching for Ontario Emus : RHP Muneyaki Nakamura
Batting: RHB Ronald Smith 0-0: Ground out 1-3 (Groundball, 15)
Batting: LHB Clayton Bailey 0-0: Called Strike
0-1: Called Strike
0-2: Strikes out looking
Batting: RHB Pablo Pineda 0-0: Called Strike
0-1: Foul Ball, location: 2F
0-2: SOLO HOME RUN (Flyball, 9D), Distance : 363 ft
Batting: RHB Juan Estrada 0-0: Fly out, F7 (Popup, 6D)
Bottom of the 2nd over - 1 run(s), 1 hit(s), 0 error(s), 0 left on base; Ontario 0 - Fremont 1
TOP OF THE 3RD
Ontario Emus batting - Pitching for Fremont Cyclones : RHP John Robinson
Batting: RHB Jack Crossey 0-0: Ball
1-0: Ball
2-0: Ball
3-0: Called Strike
3-1: Base on Balls
Batting: RHB Glen Madden 0-0: Called Strike
0-1: SINGLE (Flyball, 8RS)
Jack Crossey to second
Batting: RHB Álex Ochoa 0-0: DOUBLE (Groundball, 5L)
Jack Crossey scores
Glen Madden to third
Batting: LHB Dave Raines 0-0: Called Strike
0-1: SINGLE (Groundball, 3D)
Glen Madden scores
Álex Ochoa to third
Runner from 3rd tries for Home, SAFE, no throw or cutoff
Batting: RHB Álex Martínez 0-0: Called Strike
0-1: Ball
1-1: Ball
2-1: Ball
3-1: Base on Balls
Dave Raines to second
Batting: SHB Darrel Lang 0-0: Ball
1-0: Ball
2-0: Foul Ball, location: 2F
2-1: Fly out, F9 (Line Drive, 9M)
Batting: LHB Elvin Summers 0-0: Swinging Strike
0-1: Ball
1-1: Swinging Strike
1-2: Ball
2-2: Foul Ball, location: 2F
Reached via error on a dropped throw, E1
Dave Raines to third
Álex Martínez to second
Batting: RHB John Robertson 0-0: Called Strike
0-1: Swinging Strike
0-2: Strikes out swinging
Batting: RHB Albert Galindo 0-0: Called Strike
0-1: Fly out, F8 (Flyball, 8LXD)
Top of the 3rd over - 3 run(s), 3 hit(s), 1 error(s), 3 left on base; Ontario 3 - Fremont 1
BOTTOM OF THE 3RD
Fremont Cyclones batting - Pitching for Ontario Emus : RHP Muneyaki Nakamura
Batting: RHB Carlos Rosales 0-0: Called Strike
0-1: Ground out 1-3 (Groundball, 13S)
Batting: RHB Jaime Delgado 0-0: DOUBLE (Line Drive, 5L)
Batting: RHB Brian Stewart 0-0: Called Strike
0-1: Foul Ball, location: 2F
0-2: Ball
1-2: Foul Ball, location: 2F
1-2: Foul Ball, location: 2F
1-2: Strikes out looking
Batting: LHB Ernesto Hernández 0-0: Called Strike
0-1: Called Strike
0-2: Fly out, F8 (Flyball, 8LD)
Bottom of the 3rd over - 0 run(s), 1 hit(s), 0 error(s), 1 left on base; Ontario 3 - Fremont 1
TOP OF THE 4TH
Ontario Emus batting - Pitching for Fremont Cyclones : RHP John Robinson
Batting: RHB Jack Crossey 0-0: Ball
1-0: Called Strike
1-1: Ball
2-1: Swinging Strike
2-2: Strikes out swinging
Batting: RHB Glen Madden 0-0: SINGLE (Groundball, 56D)
Batting: RHB Álex Ochoa 0-0: Ball
1-0: Called Strike
Glen Madden steals 2nd base
1-1: Ground out 5-3 (Groundball, 5S)
Glen Madden to third
Batting: LHB Dave Raines 0-0: Called Strike
0-1: Called Strike
0-2: Foul Ball, location: 2F
0-2: Ball
1-2: TRIPLE (Flyball, 8LD)
Glen Madden scores
Batting: RHB Álex Martínez 0-0: Swinging Strike
0-1: Ball
1-1: Ball
2-1: Called Strike
2-2: Strikes out swinging
Top of the 4th over - 1 run(s), 2 hit(s), 0 error(s), 1 left on base; Ontario 4 - Fremont 1
BOTTOM OF THE 4TH
Fremont Cyclones batting - Pitching for Ontario Emus : RHP Muneyaki Nakamura
Batting: SHB Arnold Moore 0-0: Foul Ball, location: 2F
0-1: Swinging Strike
0-2: Strikes out swinging
Batting: RHB Ronald Smith 0-0: Swinging Strike
0-1: Foul Ball, location: 2F
0-2: Ball
1-2: Foul Ball, location: 2F
1-2: Ball
2-2: DOUBLE (Flyball, 78XD)
Batting: LHB Clayton Bailey 0-0: Ball
1-0: Swinging Strike
1-1: Foul Ball, location: 2F
1-2: Fly out, F7 (Flyball, 7LMF)
Batting: RHB Pablo Pineda 0-0: Hit by Pitch
Batting: RHB Juan Estrada 0-0: Ball
1-0: Ball
2-0: Foul Ball, location: 2F
2-1: Foul Ball, location: 2F
2-2: Fly out, F8 (Flyball, 8RS)
Bottom of the 4th over - 0 run(s), 1 hit(s), 0 error(s), 2 left on base; Ontario 4 - Fremont 1
TOP OF THE 5TH
Ontario Emus batting - Pitching for Fremont Cyclones : RHP John Robinson
Pitching: RHP Rafael Sánchez
Batting: SHB Darrel Lang 0-0: Ball
1-0: Foul Ball, location: 2F
1-1: Ball
2-1: Called Strike
2-2: Foul Ball, location: 2F
2-2: Ball
3-2: Strikes out swinging
Batting: LHB Elvin Summers 0-0: Called Strike
0-1: Ball
1-1: Swinging Strike
1-2: Strikes out swinging
Batting: RHB John Robertson 0-0: Ground out 6-3 (Groundball, 6M)
Top of the 5th over - 0 run(s), 0 hit(s), 0 error(s), 0 left on base; Ontario 4 - Fremont 1
BOTTOM OF THE 5TH
Fremont Cyclones batting - Pitching for Ontario Emus : RHP Muneyaki Nakamura
Batting: RHB Carlos Rosales 0-0: Ball
1-0: Called Strike
1-1: Called Strike
1-2: Ball
2-2: Ball
3-2: Ground out 4-3 (Groundball, 4)
Batting: RHB Jaime Delgado 0-0: Foul Ball, location: 2F
0-1: Foul Ball, location: 2F
0-2: Ball
1-2: Ball
2-2: Ball
3-2: Base on Balls
Batting: RHB Brian Stewart 0-0: Ball
Throwing error on steal attempt, E2
Jaime Delgado to third
1-0: Ball
2-0: Swinging Strike
2-1: Foul Ball, location: 2F
2-2: Ball
3-2: SINGLE (Groundball, 4MD)
Jaime Delgado scores
Batting: LHB Ernesto Hernández 0-0: Swinging Strike
0-1: Swinging Strike
0-2: Strikes out looking
Pitching: RHP Héctor Villegas
Batting: SHB Arnold Moore 0-0: Ball
1-0: Ball
2-0: Foul Ball, location: 2F
2-1: Called Strike
2-2: Foul Ball, location: 2F
2-2: Fly out, F7 (Flyball, 7M)
Bottom of the 5th over - 1 run(s), 1 hit(s), 1 error(s), 1 left on base; Ontario 4 - Fremont 2
TOP OF THE 6TH
Ontario Emus batting - Pitching for Fremont Cyclones : RHP Rafael Sánchez
Batting: RHB Albert Galindo 0-0: Foul Ball, location: 2F
0-1: Ball
1-1: Ball
2-1: Ball
3-1: Bunt missed!
3-2: Foul Ball, location: 2F
3-2: Fly out, F7 (Flyball, 78M)
Batting: RHB Jack Crossey 0-0: Ball
1-0: SINGLE (Groundball, 15) (infield hit)
Batting: RHB Glen Madden 0-0: Ball
1-0: SINGLE (Line Drive, 7S)
Jack Crossey to second
Batting: RHB Álex Ochoa 0-0: Swinging Strike
0-1: Called Strike
0-2: Strikes out swinging
Batting: LHB Dave Raines 0-0: Ball
1-0: Ball
2-0: Ball
3-0: Base on Balls
Jack Crossey to third
Glen Madden to second
Batting: RHB Álex Martínez 0-0: Ball
1-0: Called Strike
1-1: Swinging Strike
1-2: Ball
2-2: Foul Ball, location: 2F
2-2: Ball
3-2: Strikes out swinging
Top of the 6th over - 0 run(s), 2 hit(s), 0 error(s), 3 left on base; Ontario 4 - Fremont 2
BOTTOM OF THE 6TH
Fremont Cyclones batting - Pitching for Ontario Emus : RHP Héctor Villegas
Batting: RHB Ronald Smith 0-0: Called Strike
0-1: Ball
1-1: Ball
2-1: Fly out, F3 (Popup, 2L)
Batting: LHB Clayton Bailey 0-0: Ball
1-0: SINGLE (Line Drive, 8LS)
Batting: RHB Pablo Pineda 0-0: Foul Ball, location: 2F
0-1: Swinging Strike
0-2: 2-RUN HOME RUN (Flyball, 78XD), Distance : 411 ft
Batting: RHB Juan Estrada 0-0: Ground out 5-3 (Groundball, 5S)
Batting: RHB Carlos Rosales 0-0: Swinging Strike
0-1: Ball
1-1: Foul Ball, location: 2F
1-2: Ball
2-2: Strikes out swinging
Bottom of the 6th over - 2 run(s), 2 hit(s), 0 error(s), 0 left on base; Ontario 4 - Fremont 4
TOP OF THE 7TH
Ontario Emus batting - Pitching for Fremont Cyclones : RHP Rafael Sánchez
Pitching: RHP José Estrada
Pinch Hitting: LHB Cipriano Martínez 0-0: Ball
1-0: Ball
2-0: Ball
3-0: Called Strike
3-1: Fly out, F5 (Popup, 5SF)
Batting: LHB Elvin Summers 0-0: Called Strike
0-1: Foul Ball, location: 2F
0-2: Foul Ball, location: 2F
0-2: Fly out, F5 (Popup, 5DF)
Batting: RHB John Robertson 0-0: Foul Ball, location: 2F
0-1: Ball
1-1: Called Strike
1-2: Ball
2-2: SINGLE (Line Drive, 6D)
Pinch Hitting: RHB Júlio Colón 0-0: Foul Ball, location: 2F
0-1: Fly out, F8 (Flyball, 8LD)
Top of the 7th over - 0 run(s), 1 hit(s), 0 error(s), 1 left on base; Ontario 4 - Fremont 4
BOTTOM OF THE 7TH
Fremont Cyclones batting - Pitching for Ontario Emus : RHP Héctor Villegas
Now at 1B: Cipriano Martínez
Now in RF: César Maldonado
Batting: RHB Jaime Delgado 0-0: Ball
1-0: Ball
2-0: Ground out 4-3 (Groundball, 4)
Batting: RHB Brian Stewart 0-0: Ball
1-0: DOUBLE (Flyball, 8RM)
Pitching: LHP José Reyes
Batting: LHB Ernesto Hernández 0-0: Intentional Walk
Pitching: LHP José Aragón
Batting: SHB Arnold Moore 0-0: Called Strike
0-1: Swinging Strike
0-2: Ball
1-2: Foul Ball, location: 2F
1-2: Ball
2-2: Ball
3-2: Strikes out looking
Batting: RHB Ronald Smith 0-0: Fielders Choice at 2nd, 6-4 (Groundball, 6)
Bottom of the 7th over - 0 run(s), 1 hit(s), 0 error(s), 1 left on base; Ontario 4 - Fremont 4
TOP OF THE 8TH
Ontario Emus batting - Pitching for Fremont Cyclones : RHP José Estrada
Batting: RHB Jack Crossey 0-0: SINGLE (Groundball, 4M)
Batting: RHB Glen Madden 0-0: Ball
1-0: Ball
2-0: Called Strike
2-1: Ball
3-1: Fly out, F8 (Flyball, 8RS)
Batting: RHB Álex Ochoa 0-0: Called Strike
0-1: Foul Ball, location: 2F
0-2: Foul Ball, location: 2F
0-2: Ball
1-2: Strikes out looking
Batting: LHB Dave Raines 0-0: Ball
1-0: Called Strike
1-1: Ball
2-1: SINGLE (Line Drive, 4D)
Jack Crossey to second
Batting: RHB Álex Martínez 0-0: Called Strike
0-1: Ball
1-1: Foul Ball, location: 2F
1-2: Hit by Pitch
Jack Crossey to third
Dave Raines to second
Batting: LHB Cipriano Martínez 0-0: Ball
1-0: Ball
2-0: Swinging Strike
2-1: DOUBLE (Line Drive, 78M)
Jack Crossey scores
Dave Raines scores
Álex Martínez to third
Runner from 3rd tries for Home, SAFE, no throw or cutoff
Pitching: LHP Terry Stanley
Batting: LHB Elvin Summers 0-0: Ground out 1-3 (Groundball, 15S)
Top of the 8th over - 3 run(s), 3 hit(s), 0 error(s), 1 left on base; Ontario 7 - Fremont 4
BOTTOM OF THE 8TH
Fremont Cyclones batting - Pitching for Ontario Emus : LHP José Aragón
Batting: LHB Clayton Bailey 0-0: Called Strike
0-1: Ball
1-1: Ball
2-1: Ball
3-1: Fly out, F4 (Line Drive, 4)
Batting: RHB Pablo Pineda 0-0: Ball
1-0: Foul Ball, location: 2F
1-1: Foul Ball, location: 2F
1-2: Ball
2-2: Fly out, F7 (Flyball, 78M)
Batting: RHB Juan Estrada 0-0: Foul Ball, location: 2F
0-1: Ball
1-1: Ball
2-1: Ball
3-1: Base on Balls
Batting: RHB Carlos Rosales 0-0: Ball
1-0: Ground out 4-3 (Groundball, 4)
Bottom of the 8th over - 0 run(s), 0 hit(s), 0 error(s), 1 left on base; Ontario 7 - Fremont 4
TOP OF THE 9TH
Ontario Emus batting - Pitching for Fremont Cyclones : LHP Terry Stanley
Batting: RHB John Robertson 0-0: Ball
1-0: SINGLE (Line Drive, 56)
Batting: SHB César Maldonado 0-0: Ball
1-0: Sac Bunt - play at first, batter OUT! 5-3
John Robertson to second
Batting: RHB Jack Crossey 0-0: Intentional Walk
Batting: RHB Glen Madden 0-0: Ground out 5-3 (Groundball, 56S)
John Robertson to third
Jack Crossey to second
Batting: RHB Álex Ochoa 0-0: Called Strike
0-1: Ball
1-1: Ball
2-1: Ball
3-1: Called Strike
3-2: Base on Balls
Pitching: LHP António Rodríguez
Batting: LHB Dave Raines 0-0: Ball
1-0: Foul Ball, location: 2F
1-1: Ball
2-1: Foul Ball, location: 2F
2-2: Fly out, F9 (Flyball, 89M)
Top of the 9th over - 0 run(s), 1 hit(s), 0 error(s), 3 left on base; Ontario 7 - Fremont 4
BOTTOM OF THE 9TH
Fremont Cyclones batting - Pitching for Ontario Emus : LHP José Aragón
Pitching: LHP Walt MacKey
Batting: RHB Jaime Delgado 0-0: Called Strike
0-1: Called Strike
0-2: Strikes out looking
Batting: RHB Brian Stewart 0-0: Ball
1-0: Called Strike
1-1: Swinging Strike
1-2: Ball
2-2: Ball
3-2: Fly out, F7 (Flyball, 7M)
Batting: LHB Ernesto Hernández 0-0: Ball
1-0: Called Strike
1-1: Ball
2-1: Swinging Strike
2-2: Ball
3-2: Fly out, F1 (Line Drive, 13)
Bottom of the 9th over - 0 run(s), 0 hit(s), 0 error(s), 0 left on base; Ontario 7 - Fremont 4
Monday, December 5th, 2016 - OOTP Baseball 17.12 Build 75